 Dungeon Crawl Stone Soup version 0.21.1-1-g345015f (webtiles) character file.

3741 risingmaelstrom the Cleaver (level 9, -67/79 HPs)
             Began as a Minotaur Fighter on Apr 8, 2018.
             Was an Initiate of Ru.
             Annihilated by a titanic slime creature (90 damage)
             ... on level 7 of the Dungeon.
             The game lasted 00:38:00 (5348 turns).

risingmaelstrom the Cleaver (Minotaur Fighter)      Turns: 5348, Time: 00:38:00

Health: -67/79     AC: 10    Str: 23    XL:     9   Next: 93%
Magic:  8/8        EV: 12    Int:  5    God:    Ru [......]
Gold:   355        SH: 14    Dex: 11    Spells: 8/8 levels left

rFire    . . .     SeeInvis .   L - +2 war axe (holy)
rCold    . . .     Gourm    .   c - +0 shield
rNeg     + . .     Faith    .   u - +0 scale mail
rPois    .         Spirit   .   (helmet restricted)
rElec    .         Reflect  +   (no cloak)
rCorr    .         Harm     .   w - +0 pair of gloves
MR       .....                  v - +0 pair of boots
Stlth    ..........             e - +3 amulet of reflection
HPRegen  0.23/turn              B - ring of positive energy
MPRegen  0.11/turn              (no ring)

@: hasted, very quick
A: retaliatory headbutt, beak, horns 2, repulsion field 1
a: Sacrifice Durability, Sacrifice Artifice, Sacrifice Health, Reject
Sacrifices, Renounce Religion


You were on level 7 of the Dungeon.
You worshipped Ru.
Ru was noncommittal.
You were hungry.

You visited 1 branch of the dungeon, and saw 7 of its levels.

You collected 355 gold pieces.

Inventory:

Hand Weapons
 k - a +2 battleaxe
 m - a +5 battleaxe
 J - a +2 battleaxe of freezing
 L - a +2 war axe of holy wrath (weapon)
Missiles
 j - 11 tomahawks (quivered)
Armour
 c - a +0 shield (worn)
 i - a +0 robe
 u - a +0 scale mail (worn)
 v - a +0 pair of boots (worn)
 w - a +0 pair of gloves (worn)
 G - a +1 leather armour of fire resistance
 K - a +0 scale mail
Jewellery
 d - an uncursed ring of positive energy
 e - a +3 amulet of reflection (around neck)
 o - an uncursed ring of positive energy
 B - a ring of positive energy (left hand)
 C - the cursed ring of Cuen {rN++ Dex-3}
   (You found it on level 4 of the Dungeon)

   [ring of dexterity]

   It affects your dexterity (-3).
   It greatly protects you from negative energy.
   It has a curse placed upon it.
Wands
 n - a wand of random effects (36)
Scrolls
 b - a scroll of enchant weapon
 g - 8 scrolls of identify
Potions
 a - a potion of mutation
 h - a potion of haste
 l - 5 potions of curing
 z - a potion of brilliance
Comestibles
 f - 9 rations


   Skills:
 + Level 7.3 Fighting
 + Level 11.1 Axes
   Level 0.3(7.1) Maces & Flails
 + Level 7.5 Armour
 + Level 4.1 Dodging
 + Level 0.7 Stealth
 + Level 8.7 Shields


You had 8 spell levels left.
You didn't know any spells.

Dungeon Overview and Level Annotations

Branches:
Dungeon (7/15)             Temple (0/1) D:6

Altars:
Ashenzari
Ru
Wu Jian
The Shining One

Shops:
D:4 [[[%   D:7 !


Innate Abilities, Weirdness & Mutations

You reflexively headbutt those who attack you in melee.
You have a pair of horns on your head.
You have a beak for a mouth.
You are surrounded by a mild repulsion field. (EV +2)


Message History

The orc closely misses you.
You block the titanic slime creature's attack.
You slash the titanic slime creature!
You headbutt the titanic slime creature!
The titanic slime creature is almost dead.
You block the titanic slime creature's attack.
You block the orc's attack.
You slice the titanic slime creature!!
Your headbutt misses the titanic slime creature.
The titanic slime creature is almost dead.
You block the titanic slime creature's attack.
You block the orc's attack.
You hit the titanic slime creature.
You headbutt the titanic slime creature.
The titanic slime creature is almost dead.
The titanic slime creature closely misses you.
You block the orc's attack.
You feel yourself speed up. The titanic slime creature hits you!!!!
Ouch! That really hurt!
You die...

#.# ..#
#######.#
#..@Jo{# #.
#.#####.# #.#
#.# #.#.# ##.#
#.#.# #..#
#(#.# #.######.
#.#.# #........
#.#.###.######.
#.#............


You could see a titanic slime creature and an orc.

Vanquished Creatures
  The ghost of zizio the Shield-Bearer, a novice GnFi (D:5)
  Pikel (D:6)
  The ghost of Homage the Conjurer, a novice DrCj (D:3)
  Grinder (D:5)
  Sigmund (D:6)
  Eustachio (D:5)
  2 slaves (D:6)
  An ice beast (D:5)
  3 ogres
  A sky beast (D:6)
  The ghost of AceErrynx the Firebug, an amateur DrFE (D:4)
  3 bullfrogs (D:6)
  A scorpion (D:6)
  13 wights
  3 howler monkeys
  2 hounds
  2 orc priests (D:3)
  A bullfrog skeleton (D:4)
  5 orc wizards
  6 worker ants
  A hound skeleton (D:5)
  A howler monkey zombie (D:7)
  4 gnolls
  A howler monkey skeleton (D:4)
  7 adders
  2 river rats (D:6)
  A shadow imp (D:6)
  An ooze (D:5)
  A worm (D:2)
  2 dart slugs
  9 leopard geckos
  17 orcs
  7 giant cockroaches
  5 goblins
  4 hobgoblins
  7 jackals
  2 quokkas
  2 ball pythons
  11 bats
  2 frilled lizards
  4 kobolds
  A leopard gecko skeleton (D:5)
  A quokka skeleton (D:4)
  A quokka zombie (D:5)
  11 rats
155 creatures vanquished.

Vanquished Creatures (others)
  A goblin (D:2)
1 creature vanquished.

Grand Total: 156 creatures vanquished

Notes
Turn   | Place    | Note
-------+----------+-------------------------------------------
     0 | D:1      | risingmaelstrom the Minotaur Fighter began the quest for the Orb.
     0 | D:1      | Reached XP level 1. HP: 19/19 MP: 0/0
    22 | D:1      | Noticed an electric eel
   145 | D:1      | Reached XP level 2. HP: 22/27 MP: 1/1
   461 | D:1      | Reached skill level 3 in Axes
   532 | D:1      | Reached XP level 3. HP: 33/33 MP: 2/2
  1135 | D:2      | Reached skill level 1 in Dodging
  1399 | D:3      | Reached XP level 4. HP: 40/40 MP: 3/3
  1428 | D:3      | Reached skill level 4 in Axes
  1428 | D:3      | Reached XP level 5. HP: 27/46 MP: 4/4
  1662 | D:3      | Noticed Homage's ghost (novice DrCj)
  1674 | D:3      | Killed Homage's ghost
  1674 | D:3      | Reached skill level 5 in Axes
  1674 | D:3      | Reached skill level 5 in Armour
  1674 | D:3      | Reached skill level 5 in Shields
  1674 | D:3      | Reached XP level 6. HP: 11/53 MP: 5/5
  1887 | D:3      | Reached XP level 7. HP: 38/60 MP: 6/6
  2295 | D:4      | Found Faxty's Antique Armour Shop.
  2347 | D:4      | Reached skill level 6 in Axes
  2420 | D:4      | Found an ornate altar of the Wu Jian Council.
  2422 | D:4      | Found Ituepres's Armour Boutique.
  2435 | D:4      | Found a sacrificial altar of Ru.
  2435 | D:4      | Found a glowing golden altar of the Shining One.
  2437 | D:4      | Noticed AceErrynx's ghost (amateur DrFE)
  2439 | D:4      | Found a shattered altar of Ashenzari.
  2449 | D:4      | Killed AceErrynx's ghost
  2519 | D:4      | Found Eklev's Food Shop.
  2655 | D:4      | Got a scintillating glass ring
  2667 | D:4      | Identified the cursed ring of Cuen {rN++ Dex-3} (You found it on level 4 of the Dungeon)
  2676 | D:4      | Found Kutunoit's Antique Armour Shoppe.
  2701 | D:4      | Reached skill level 7 in Axes
  2726 | D:4      | Reached skill level 5 in Fighting
  2954 | D:5      | Entered Level 5 of the Dungeon
  2960 | D:5      | Reached XP level 8. HP: 68/68 MP: 7/7
  3136 | D:5      | Noticed Grinder
  3148 | D:5      | Paralysed by Grinder for 7 turns
  3163 | D:5      | Killed Grinder
  3163 | D:5      | Reached skill level 8 in Axes
  3386 | D:4      | Became a worshipper of Ru the Awakened
  3495 | D:5      | Noticed zizio's ghost (novice GnFi)
  3496 | D:5      | Noticed Eustachio
  3527 | D:5      | Killed zizio's ghost
  3527 | D:5      | Reached skill level 9 in Axes
  3563 | D:5      | Killed Eustachio
  3563 | D:5      | Reached XP level 9. HP: 44/75 MP: 8/8
  4343 | D:6      | Found a staircase to the Ecumenical Temple.
  4446 | D:6      | Noticed Pikel
  4454 | D:6      | Killed Pikel
  4454 | D:6      | Reached skill level 10 in Axes
  4857 | D:6      | Noticed Sigmund
  4864 | D:6      | Killed Sigmund
  4864 | D:6      | Reached skill level 11 in Axes
  4893 | D:6      | Gained mutation: You are surrounded by a mild repulsion field. (EV +2) [potion of mutation]
  4893 | D:6      | Gained mutation: You have a beak for a mouth. [potion of mutation]
  5199 | D:7      | Found Ynant's Distillery.
  5339 | D:7      | HP: 3/79 [titanic slime creature (14)]
  5348 | D:7      | Annihilated by a titanic slime creature

Skill      XL: |  1  2  3  4  5  6  7  8  9 |
---------------+----------------------------+-----
Armour         | 4 5 6 7 |  7.5
Axes           | 3 4 5 7 9 11 | 11.1
Shields        | 4 5 6 7 8 |  8.7
Fighting       | 4 5 6 7 |  7.3
Dodging        | 1 2 3 4 |  4.1
Maces & Flails | |  0.3
Stealth        | |  0.7

Action                   |  1- 3 |  4- 6 |  7- 9 || total
-------------------------+-------+-------+-------++-------
Melee: War axe           |    86 |    29 |   327 ||   442
       Headbutt          |    10 |     3 |    77 ||    90
       Flail             |       |       |     9 ||     9
       Battleaxe         |       |       |    20 ||    20
       Peck              |       |       |    12 ||    12
  Use: Scroll            |     6 |       |     9 ||    15
       Potion            |     5 |     1 |     4 ||    10
  Eat: Chunk             |     1 |     1 |     5 ||     7
       Ration            |       |     1 |     1 ||     2
Armor: Scale mail        |    36 |     6 |    99 ||   141
Dodge: Dodged            |    30 |    16 |   103 ||   149
Block: Shield            |    59 |    24 |   218 ||   301
       Reflection        |     2 |     1 |     3 ||     6
       Other             |       |       |     2 ||     2
